3AAA
AUGUSTA TIMBER HAWKS @ BALBOA BUCCANEERS
08/30/2017
 
TOP OF THE 1ST
Augusta Timber Hawks batting - Pitching for Balboa Buccaneers : LHP Ed Arnold
Pitching: LHP Ed Arnold
Batting: LHB Jorge Lucero 0-0: Ball
1-0: Ball
2-0: Ball
3-0: Base on Balls
Batting: LHB Freddy Gonzáles 0-0: Ball
1-0: SINGLE (Groundball, 56D)
Jorge Lucero to second
Batting: LHB Kyle Bass 0-0: Ball
1-0: Foul Ball, location: 2F
1-1: SINGLE (Flyball, 7S)
Jorge Lucero to third
Freddy Gonzáles to second
Runner from 3rd tries for Home, SAFE, no throw or cutoff
Batting: LHB Juan Rodríguez 0-0: Ball
1-0: SINGLE (Groundball, 56D)
Freddy Gonzáles to third
Kyle Bass to second
Runner from 3rd tries for Home, SAFE, throw made home
Kyle Bass to third
Juan Rodríguez to second
Batting: RHB Dave Bush 0-0: Ball
1-0: Foul Ball, location: 2F
1-1: Swinging Strike
1-2: Ball
2-2: Ball
3-2: Strikes out swinging
Batting: SHB Lawrence Franklin 0-0: Swinging Strike
0-1: Foul Ball, location: 2F
0-2: 3-RUN HOME RUN (Flyball, 7D), Distance : 400 ft
Pitching: LHP Justin Moore
Batting: LHB Ramón Castellanos 0-0: Ball
1-0: SINGLE (Line Drive, 6MD)
Batting: RHB Brit Fleming 0-0: Fly out, F4 (Popup, 4D)
Batting: SHB Tom Montgomery 0-0: Ball
1-0: Foul Ball, location: 2F
1-1: Ball
2-1: Called Strike
2-2: Ground out 6-3 (Groundball, 6)
Top of the 1st over - 5 run(s), 5 hit(s), 0 error(s), 1 left on base; Augusta 5 - Balboa 0
BOTTOM OF THE 1ST
Balboa Buccaneers batting - Pitching for Augusta Timber Hawks : RHP Karl Pratt
Pitching: RHP Karl Pratt
Batting: RHB William Hull 0-0: Called Strike
0-1: Swinging Strike
0-2: Ball
1-2: Ball
2-2: Strikes out swinging
Batting: RHB Thomas Morris 0-0: Ball
1-0: Foul Ball, location: 2F
1-1: Foul Ball, location: 2F
1-2: Ball
2-2: Strikes out swinging
Batting: RHB Tom Tracy 0-0: Ground out 6-3 (Groundball, 6)
Bottom of the 1st over - 0 run(s), 0 hit(s), 0 error(s), 0 left on base; Augusta 5 - Balboa 0
TOP OF THE 2ND
Augusta Timber Hawks batting - Pitching for Balboa Buccaneers : LHP Justin Moore
Batting: LHB Jorge Lucero 0-0: Ball
1-0: Foul Ball, location: 2F
1-1: Ball
2-1: Ball
3-1: Base on Balls
Batting: LHB Freddy Gonzáles 0-0: Ball
1-0: Swinging Strike
1-1: Called Strike
1-2: Ball
2-2: SINGLE (Flyball, 7LS)
Jorge Lucero to second
Batting: LHB Kyle Bass 0-0: DOUBLE (Line Drive, 8LM)
Jorge Lucero scores
Freddy Gonzáles to third
Batting: LHB Juan Rodríguez 0-0: Ball
1-0: Ball
2-0: Foul Ball, location: 2F
2-1: Foul Ball, location: 2F
2-2: Ball
3-2: SINGLE (Line Drive, 89S)
Freddy Gonzáles scores
Kyle Bass to third
Batting: RHB Dave Bush 0-0: Ball
1-0: Ball
2-0: Ball
3-0: Foul Ball, location: 2F
3-1: Base on Balls
Juan Rodríguez to second
Batting: SHB Lawrence Franklin 0-0: Ball
1-0: Ball
2-0: Ball
3-0: Base on Balls
Kyle Bass scores
Juan Rodríguez to third
Dave Bush to second
Pitching: RHP Jordan Collins
Batting: LHB Ramón Castellanos 0-0: Ball
1-0: SINGLE (Groundball, 4MD)
Juan Rodríguez scores
Dave Bush to third
Lawrence Franklin to second
Runner from 3rd tries for Home, SAFE, no throw or cutoff
Batting: RHB Brit Fleming 0-0: Ball
1-0: Ball
2-0: Ball
3-0: Called Strike
3-1: Swinging Strike
3-2: Strikes out swinging
Lawrence Franklin is caught stealing 3rd base
Batter strikes out.
Ramón Castellanos to second
Batting: SHB Tom Montgomery 0-0: Ball
1-0: Fly out, F9 (Flyball, 89M)
Top of the 2nd over - 5 run(s), 4 hit(s), 0 error(s), 1 left on base; Augusta 10 - Balboa 0
BOTTOM OF THE 2ND
Balboa Buccaneers batting - Pitching for Augusta Timber Hawks : RHP Karl Pratt
Batting: RHB César Garza 0-0: Called Strike
0-1: Ball
1-1: SINGLE (Line Drive, 56D)
Batting: RHB Louie McNeil 0-0: Grounds into double play, 4-6-3 (Groundball, 4)
Batting: LHB Dudley Duncan 0-0: Called Strike
0-1: Ball
1-1: Swinging Strike
1-2: Foul Ball, location: 2F
1-2: Foul Ball, location: 2F
1-2: Ball
2-2: Foul Ball, location: 2F
2-2: SINGLE (Line Drive, 5)
Batting: RHB Leonard James 0-0: Called Strike
0-1: Ball
1-1: Ball
2-1: Foul Ball, location: 2F
2-2: Strikes out swinging
Bottom of the 2nd over - 0 run(s), 2 hit(s), 0 error(s), 1 left on base; Augusta 10 - Balboa 0
TOP OF THE 3RD
Augusta Timber Hawks batting - Pitching for Balboa Buccaneers : RHP Jordan Collins
Batting: LHB Jorge Lucero 0-0: Called Strike
0-1: Fly out, F5 (Popup, 5F)
Batting: LHB Freddy Gonzáles 0-0: Ball
1-0: Ground out 5-3 (Groundball, 56S)
Batting: LHB Kyle Bass 0-0: Swinging Strike
0-1: Ball
1-1: Ball
2-1: Swinging Strike
2-2: SINGLE (Groundball, 3L)
Batting: LHB Juan Rodríguez 0-0: Ball
1-0: SINGLE (Line Drive, 6MD)
Kyle Bass to second
Batting: RHB Dave Bush 0-0: Called Strike
0-1: Ball
1-1: Foul Ball, location: 2F
1-2: SINGLE (Line Drive, 8LS)
Kyle Bass to third
Juan Rodríguez to second
Batting: SHB Lawrence Franklin 0-0: SINGLE (Line Drive, 7S)
Kyle Bass scores
Juan Rodríguez to third
Dave Bush to second
Runner from 3rd tries for Home, SAFE, no throw or cutoff
Batting: LHB Ramón Castellanos 0-0: Ball
1-0: Ball
2-0: Ball
3-0: Called Strike
3-1: Ground out 5-3 (Groundball, 56S)
Top of the 3rd over - 2 run(s), 4 hit(s), 0 error(s), 2 left on base; Augusta 12 - Balboa 0
BOTTOM OF THE 3RD
Balboa Buccaneers batting - Pitching for Augusta Timber Hawks : RHP Karl Pratt
Batting: RHB Aaron Holder 0-0: Called Strike
0-1: Ball
1-1: Ball
2-1: Foul Ball, location: 2F
2-2: Ball
3-2: Foul Ball, location: 2F
3-2: Base on Balls
Batting: RHB Matt Nelson 0-0: Ball
1-0: Ball
2-0: Ball
3-0: Called Strike
3-1: Foul Ball, location: 2F
3-2: Reached on error, E5 (Groundball, 56)
Aaron Holder to second
Batting: RHB William Hull 0-0: Swinging Strike
0-1: Ball
1-1: Swinging Strike
1-2: Ball
2-2: Foul Ball, location: 2F
2-2: SINGLE (Line Drive, 6MD)
Aaron Holder to third
Matt Nelson to second
Batting: RHB Thomas Morris 0-0: Foul Ball, location: 2F
0-1: Called Strike
0-2: Ball
Wild Pitch!
Aaron Holder scores
Matt Nelson to third
William Hull to second
1-2: Strikes out swinging
Batting: RHB Tom Tracy 0-0: Ball
1-0: Ball
2-0: Called Strike
2-1: Ball
3-1: Fly out, F7 (Flyball, 7M)
Runner from 3rd tags up, SCORES, throw made
Batting: RHB César Garza 0-0: Called Strike
0-1: Ball
1-1: Ball
2-1: Fly out, F7 (Flyball, 78M)
Bottom of the 3rd over - 2 run(s), 1 hit(s), 1 error(s), 1 left on base; Augusta 12 - Balboa 2
TOP OF THE 4TH
Augusta Timber Hawks batting - Pitching for Balboa Buccaneers : RHP Jordan Collins
Batting: RHB Brit Fleming 0-0: Foul Ball, location: 2F
0-1: SINGLE (Line Drive, 4MD)
Batting: SHB Tom Montgomery 0-0: Foul Ball, location: 2F
0-1: Ball
1-1: Called Strike
1-2: Strikes out swinging
Batting: LHB Jorge Lucero 0-0: Called Strike
0-1: Called Strike
0-2: Foul Ball, location: 2F
0-2: Ball
1-2: Foul Ball, location: 2F
1-2: Ball
2-2: Foul Ball, location: 2F
2-2: Ball
3-2: Base on Balls
Brit Fleming to second
Batting: LHB Freddy Gonzáles 0-0: Fly out, F7 (Flyball, 7M)
Batting: LHB Kyle Bass 0-0: Ball
1-0: Ball
2-0: Ball
3-0: Foul Ball, location: 2F
3-1: Foul Ball, location: 2F
3-2: Base on Balls
Brit Fleming to third
Jorge Lucero to second
Batting: LHB Juan Rodríguez 0-0: Called Strike
0-1: Ball
1-1: Foul Ball, location: 2F
1-2: Ball
2-2: Ball
3-2: SINGLE (Groundball, 56)
Brit Fleming scores
Jorge Lucero to third
Kyle Bass to second
Jorge Lucero scores
Kyle Bass to third
Pitching: RHP Dale Murray
Batting: RHB Dave Bush 0-0: Swinging Strike
0-1: Called Strike
0-2: Fielders Choice at 2nd, U6 (Groundball, 6M)
Top of the 4th over - 2 run(s), 2 hit(s), 0 error(s), 2 left on base; Augusta 14 - Balboa 2
BOTTOM OF THE 4TH
Balboa Buccaneers batting - Pitching for Augusta Timber Hawks : RHP Karl Pratt
Batting: RHB Louie McNeil 0-0: Swinging Strike
0-1: Fly out, F8 (Flyball, 8RS)
Batting: LHB Dudley Duncan 0-0: Called Strike
0-1: Ball
1-1: Ball
2-1: SINGLE (Groundball, 4MD)
Batting: RHB Leonard James 0-0: Foul Ball, location: 2F
0-1: Ball
1-1: SINGLE (Groundball, 4M)
Dudley Duncan to second
Runner from 2nd tries for 3rd, SAFE, throw made to third
Batting: RHB Aaron Holder 0-0: Called Strike
Leonard James is caught stealing 2nd base
0-1: Foul Ball, location: 2F
0-2: Ball
1-2: SINGLE (Groundball, 6D)
Dudley Duncan scores
Batting: RHB Matt Nelson 0-0: Fly out, F3 (Line Drive, 3)
Bottom of the 4th over - 1 run(s), 3 hit(s), 0 error(s), 1 left on base; Augusta 14 - Balboa 3
TOP OF THE 5TH
Augusta Timber Hawks batting - Pitching for Balboa Buccaneers : RHP Dale Murray
Batting: SHB Lawrence Franklin 0-0: Called Strike
0-1: Ball
1-1: Foul Ball, location: 2F
1-2: Ball
2-2: DOUBLE (Line Drive, 3L)
Batting: LHB Ramón Castellanos 0-0: Fly out, F8 (Flyball, 8RM)
Throwing error, E8
Lawrence Franklin scores
Batting: RHB Brit Fleming 0-0: SINGLE (Line Drive, 6MD)
Batting: SHB Tom Montgomery 0-0: Ball
1-0: Swinging Strike
1-1: Called Strike
1-2: Strikes out swinging
Batting: LHB Jorge Lucero 0-0: Foul Ball, location: 2F
0-1: Ball
1-1: Ball
2-1: Ball
3-1: Base on Balls
Brit Fleming to second
Batting: LHB Freddy Gonzáles 0-0: Ball
1-0: Swinging Strike
1-1: DOUBLE (Line Drive, 9D)
Brit Fleming scores
Jorge Lucero to third
Runner from 3rd tries for Home, SAFE, no throw or cutoff
Pitching: RHP Zachary McDonald
Batting: LHB Kyle Bass 0-0: Called Strike
0-1: Ground out 4-3 (Groundball, 4)
Top of the 5th over - 3 run(s), 3 hit(s), 1 error(s), 1 left on base; Augusta 17 - Balboa 3
BOTTOM OF THE 5TH
Balboa Buccaneers batting - Pitching for Augusta Timber Hawks : RHP Karl Pratt
Batting: RHB William Hull 0-0: Ball
1-0: Ball
2-0: Ball
3-0: Called Strike
3-1: Foul Ball, location: 2F
3-2: SOLO HOME RUN (Flyball, 78XD), Distance : 434 ft
Batting: RHB Thomas Morris 0-0: Ball
1-0: Ball
2-0: Called Strike
2-1: Called Strike
2-2: Ground out 1-3 (Groundball, 13)
Batting: RHB Tom Tracy 0-0: Called Strike
0-1: Hit by Pitch
Batting: RHB César Garza 0-0: Ball
1-0: Swinging Strike
1-1: Ball
2-1: Reached on Error, E8 (Flyball, 8RD)
Tom Tracy to third
Batting: RHB Louie McNeil 0-0: Ball
1-0: Ball
2-0: Swinging Strike
2-1: Ball
3-1: SINGLE (Groundball, 6MD)
Tom Tracy scores
César Garza to third
Runner from 3rd tries for Home, SAFE, throw made home
Pitching: LHP Jimmy Blackburn
Batting: LHB Dudley Duncan 0-0: Ball
1-0: Foul Ball, location: 2F
1-1: Called Strike
1-2: Fly out, F6 (Line Drive, 6M)
Batting: RHB Leonard James 0-0: Swinging Strike
0-1: Foul Ball, location: 2F
0-2: Ball
1-2: Fly out, F7 (Flyball, 7M)
Bottom of the 5th over - 3 run(s), 2 hit(s), 1 error(s), 1 left on base; Augusta 17 - Balboa 6
TOP OF THE 6TH
Augusta Timber Hawks batting - Pitching for Balboa Buccaneers : RHP Zachary McDonald
Batting: LHB Juan Rodríguez 0-0: DOUBLE (Flyball, 8LD)
Batting: RHB Dave Bush 0-0: Foul Ball, location: 2F
0-1: Ground out 5-3 (Groundball, 5L)
Batting: SHB Lawrence Franklin 0-0: Ball
1-0: Ball
2-0: Ball
3-0: Base on Balls
Batting: LHB Ramón Castellanos 0-0: Ball
1-0: SINGLE (Line Drive, 8LS)
Juan Rodríguez to third
Lawrence Franklin to second
Runner from 3rd tries for Home, SAFE, no throw or cutoff
Batting: RHB Brit Fleming 0-0: Ball
1-0: Ball
2-0: Ball
3-0: Called Strike
3-1: Base on Balls
Lawrence Franklin to third
Ramón Castellanos to second
Batting: SHB Tom Montgomery 0-0: Foul Ball, location: 2F
0-1: Ball
1-1: Foul Ball, location: 2F
1-2: Foul Ball, location: 2F
1-2: Strikes out looking
Batting: LHB Jorge Lucero 0-0: Ball
1-0: Ball
2-0: Called Strike
2-1: Ball
3-1: Base on Balls
Lawrence Franklin scores
Ramón Castellanos to third
Brit Fleming to second
Pitching: RHP Dan Pope
Batting: LHB Freddy Gonzáles 0-0: Ball
1-0: Ground out 5-3 (Groundball, 5S)
Top of the 6th over - 2 run(s), 2 hit(s), 0 error(s), 3 left on base; Augusta 19 - Balboa 6
BOTTOM OF THE 6TH
Balboa Buccaneers batting - Pitching for Augusta Timber Hawks : LHP Jimmy Blackburn
Batting: RHB Aaron Holder 0-0: Fly out, F2 (Popup, 23F)
Batting: RHB Matt Nelson 0-0: Called Strike
0-1: Swinging Strike
0-2: Ball
1-2: Foul Ball, location: 2F
1-2: Ball
2-2: Foul Ball, location: 2F
2-2: Foul Ball, location: 2F
2-2: SINGLE (Flyball, 78S)
Batting: RHB William Hull 0-0: Foul Ball, location: 2F
0-1: Foul Ball, location: 2F
0-2: Ball
1-2: Foul Ball, location: 2F
1-2: Ground out 5-3 (Groundball, 5S)
Matt Nelson to second
Batting: RHB Thomas Morris 0-0: Foul Ball, location: 2F
0-1: Called Strike
0-2: Ball
1-2: SINGLE (Line Drive, 6MD)
Matt Nelson to third
Runner from 3rd tries for Home, SAFE, throw made home
Batting: RHB Tom Tracy 0-0: Swinging Strike
0-1: Called Strike
Thomas Morris is caught stealing 2nd base
Bottom of the 6th over - 1 run(s), 2 hit(s), 0 error(s), 0 left on base; Augusta 19 - Balboa 7
TOP OF THE 7TH
Augusta Timber Hawks batting - Pitching for Balboa Buccaneers : RHP Dan Pope
Batting: LHB Kyle Bass 0-0: Ball
1-0: Ground out 1-3 (Groundball, 15)
Batting: LHB Juan Rodríguez 0-0: Ball
1-0: Ball
2-0: Fly out, F6 (Popup, 6MD)
Batting: RHB Dave Bush 0-0: Foul Ball, location: 2F
0-1: Swinging Strike
0-2: Ball
1-2: Ball
2-2: Strikes out swinging
Top of the 7th over - 0 run(s), 0 hit(s), 0 error(s), 0 left on base; Augusta 19 - Balboa 7
BOTTOM OF THE 7TH
Balboa Buccaneers batting - Pitching for Augusta Timber Hawks : LHP Jimmy Blackburn
Now at C: Trey Clark
Batting: RHB Tom Tracy 0-0: Called Strike
0-1: Ball
1-1: Ball
2-1: Swinging Strike
2-2: Foul Ball, location: 2F
2-2: Ground out 6-3 (Groundball, 6)
Pitching: RHP Victor Day
Batting: RHB César Garza 0-0: Ball
1-0: Ball
2-0: Reached on error, E5 (Groundball, 5)
Batting: RHB Louie McNeil 0-0: Swinging Strike
0-1: Swinging Strike
0-2: Ball
1-2: Strikes out swinging
Batting: LHB Dudley Duncan 0-0: Ball
1-0: Ball
2-0: Called Strike
2-1: Foul Ball, location: 2F
2-2: Strikes out looking
Bottom of the 7th over - 0 run(s), 0 hit(s), 1 error(s), 1 left on base; Augusta 19 - Balboa 7
TOP OF THE 8TH
Augusta Timber Hawks batting - Pitching for Balboa Buccaneers : RHP Dan Pope
Batting: SHB Lawrence Franklin 0-0: Ball
1-0: Called Strike
1-1: Swinging Strike
1-2: Strikes out swinging
Batting: LHB Ramón Castellanos 0-0: Swinging Strike
0-1: Fly out, F5 (Popup, 25F)
Batting: RHB Trey Clark 0-0: Foul Ball, location: 2F
0-1: SINGLE (Groundball, 6MD)
Batting: SHB Tom Montgomery 0-0: Ball
1-0: Ball
2-0: Called Strike
2-1: SINGLE (Groundball, 34D)
Trey Clark to second
Runner from 2nd tries for 3rd, SAFE, throw made to third
Pinch Hitting: RHB Brian Olivares 0-0: Fly out, F7 (Line Drive, 7D)
Top of the 8th over - 0 run(s), 2 hit(s), 0 error(s), 2 left on base; Augusta 19 - Balboa 7
BOTTOM OF THE 8TH
Balboa Buccaneers batting - Pitching for Augusta Timber Hawks : RHP Victor Day
Now in LF: Ed Farías
Batting: RHB Leonard James 0-0: Called Strike
0-1: Ground out 6-3 (Groundball, 6M)
Batting: RHB Aaron Holder 0-0: Ball
1-0: Ball
2-0: Ball
3-0: Called Strike
3-1: Ground out 6-3 (Groundball, 6M)
Batting: RHB Matt Nelson 0-0: Called Strike
0-1: Ball
1-1: Called Strike
1-2: Ground out 5-3 (Groundball, 5S)
Bottom of the 8th over - 0 run(s), 0 hit(s), 0 error(s), 0 left on base; Augusta 19 - Balboa 7
TOP OF THE 9TH
Augusta Timber Hawks batting - Pitching for Balboa Buccaneers : RHP Dan Pope
Batting: LHB Freddy Gonzáles 0-0: Called Strike
0-1: Ball
1-1: Ball
2-1: Fly out, F8 (Line Drive, 8LS)
Batting: LHB Kyle Bass 0-0: Ball
1-0: Ball
2-0: Ball
3-0: Called Strike
3-1: Base on Balls
Batting: LHB Juan Rodríguez 0-0: SINGLE (Groundball, 34)
Kyle Bass to second
Runner from 2nd tries for 3rd, SAFE, no throw or cutoff
Batting: RHB Dave Bush 0-0: Ball
1-0: Ball
2-0: Ball
3-0: Foul Ball, location: 2F
3-1: Swinging Strike
3-2: Foul Ball, location: 2F
3-2: Foul Ball, location: 2F
3-2: Strikes out swinging
Batting: SHB Lawrence Franklin 0-0: Foul Ball, location: 2F
0-1: 3-RUN HOME RUN (Flyball, 78XD), Distance : 428 ft
Batting: LHB Ramón Castellanos 0-0: Called Strike
0-1: Ball
1-1: Fly out, F7 (Flyball, 7M)
Top of the 9th over - 3 run(s), 2 hit(s), 0 error(s), 0 left on base; Augusta 22 - Balboa 7
BOTTOM OF THE 9TH
Balboa Buccaneers batting - Pitching for Augusta Timber Hawks : RHP Victor Day
Batting: RHB William Hull 0-0: Called Strike
0-1: SINGLE (Line Drive, 56D)
Batting: RHB Thomas Morris 0-0: Called Strike
0-1: Ball
1-1: Called Strike
1-2: Fly out, F8 (Flyball, 8RS)
Batting: RHB Tom Tracy 0-0: Ball
1-0: Called Strike
1-1: Ball
2-1: Fly out, F8 (Line Drive, 8RM)
Batting: RHB César Garza 0-0: DOUBLE (Flyball, 8RXD)
William Hull to third
Runner from 3rd tries for Home, SAFE, no throw or cutoff
Batting: RHB Louie McNeil 0-0: Called Strike
0-1: Foul Ball, location: 2F
0-2: Foul Ball, location: 2F
0-2: Strikes out looking
Bottom of the 9th over - 1 run(s), 2 hit(s), 0 error(s), 1 left on base; Augusta 22 - Balboa 8
This league is powered by Out of the Park Baseball, the baseball management simulation game for PC, Mac and Linux
Saturday, February 27th, 2021 - OOTP Baseball 15.6 Build 34